 Dungeon Crawl Stone Soup version 0.30-a0-711-gf4ac18a38d (webtiles) character file.

Game seed: 17238792948754467046

1128 bande the Chopper (level 8, -1/49 HPs)
             Began as a Gargoyle Fighter on Jan 23, 2023.
             Slain by an orc priest
             ... wielding a +0 short sword
              (3 damage)
             ... on level 6 of the Dungeon.
             The game lasted 00:10:37 (5107 turns).

bande the Chopper (Gargoyle Fighter)                Turns: 5107, Time: 00:10:37

Health: -1/49      AC: 17    Str: 21    XL:     8   Next: 35%
Magic:  8/8        EV:  7    Int:  8    God:
Gold:   1032       SH:  5    Dex: 13    Spells: 7/7 levels left

rFire   . . .      SeeInvis .    a - +1 war axe
rCold   . . .      Faith    .    c - +0 buckler
rNeg    + . .      Spirit   .    o - +0 chain mail
rPois   ∞          Reflect  .    p - +0 helmet
rElec   +          Harm     .    (no cloak)
rCorr   .          Rampage  .    (no gloves)
Will    .....                    b - +0 pair of boots Stlth
                                 (no amulet)
HPRegen 0.28/turn                (no ring)
MPRegen 0.11/turn                (no ring)

@: no status effects
A: sickness immunity, AC +5, negative energy resistance 1, electricity
resistance, torment resistance 1, petrification resistance, thin skeletal
structure 1
a: no special abilities


You were on level 6 of the Dungeon.
You visited 1 branch of the dungeon, and saw 6 of its levels.
You also visited: Sewer.

You collected 1032 gold pieces.

Inventory:

Hand Weapons
 a - a +1 war axe (weapon)
 j - a +0 flail
Armour
 b - a +0 pair of boots (worn)
 c - a +0 buckler (worn)
 o - a +0 chain mail (worn)
 p - a +0 helmet (worn)
 v - a +2 leather armour of cold resistance
Jewellery
 l - an amulet of regeneration
 w - an amulet of magic regeneration
Wands
 q - a wand of iceblast (4)
 r - a wand of polymorph (7)
 s - a wand of charming (15)
Scrolls
 g - 3 scrolls of magic mapping
 i - 2 scrolls of teleportation
 x - a scroll of identify
Potions
 d - 2 potions of might
 e - 3 potions of curing
 f - 2 potions of magic
 h - a potion of attraction {unknown}
 k - a potion of heal wounds
 m - a potion of berserk rage {unknown}
 n - 4 potions of brilliance {unknown}
 t - a potion of lignification {unknown}
 u - a potion of haste {unknown}
 z - a potion of resistance {unknown}


   Skills:
 + Level 5.2 Fighting
 + Level 6.3 Axes
 + Level 5.1 Armour
 + Level 4.4 Shields
 * Level 3.0 Evocations


You had 7 spell levels left.
You didn't know any spells.
Your spell library contained the following spells:

 Spells                   Type           Power      Damage    Failure   Level
 Blink                    Tloc           0%         N/A       100%        2
 Manifold Assault         Tloc           0%         N/A       100%        4
 Storm Form               Tmut/Air       0%         N/A       100%        7


Dungeon Overview and Level Annotations

Branches:
Dungeon (6/15)              Sewer (visited)
 Temple: D:4-7

Altars:
Dithmenos
Gozag
Qazlal
Uskayaw

Shops:
D:5 *


Innate Abilities, Weirdness & Mutations

You are immune to sickness and miasma.
Your stone body is resilient. (AC +5)
You are immune to poison.
You resist negative energy. (rN+)
You are resistant to electric shocks. (rElec)
You are resistant to unholy torment.
You are immune to petrification.
You have a somewhat thin skeletal structure. (Dex +2, Stealth+)


Message History

The hound attacks as you move away! The hound misses you.
The hound barely misses you. The orc warrior barely misses you.
You block the hound's attack.
The orc warrior hits you but does no damage.
You hit the hound but do no damage.
The hound is severely wounded.
The hound bites you. The hound barely misses you.
The orc warrior hits you from afar with a +0 glaive!
* * * LOW HITPOINT WARNING * * *
You closely miss the hound.
The hound is severely wounded.
The hound barely misses you.
The orc warrior hits you but does no damage.
The hound bites you but does no damage.
You hit the hound.
You kill the hound!
The orc warrior barely misses you.
Your Evocations skill increases to level 3!
You feel much better. The orc warrior barely misses you.
You block the orc warrior's attack. You block the orc warrior's attack.
An orc priest comes into view. It is wielding a +0 short sword.
You block the orc warrior's attack.
You hit the orc warrior.
The orc warrior is moderately wounded.
The orc warrior hits you but does no damage.
The orc warrior completely misses you.
You closely miss the orc warrior.
The orc warrior is moderately wounded.
The orc warrior hits you with a +0 glaive.
The orc warrior attacks as you move away!
The orc warrior hits you with a +0 glaive!
* * * LOW HITPOINT WARNING * * *
You block the orc priest's attack.
The orc warrior hits you from afar with a +0 glaive.
* * * LOW HITPOINT WARNING * * *
You barely miss the orc priest.
The orc priest hits you with a +0 short sword.
You die...

≈~,*,,,*,*,,,,,,,*,,,,*,,,,,,,*,*
≈#**+*,,,*,,,,,,,*....#,,,,,,,*,,
≈#,,,****#########''''##*********
≈#,g.*,,,...............,,,,,,,,,
≈#####≈~~~~~~~~~≈~....~~~~~~~~~~~
≈≈≈≈≈≈~≈~≈≈≈≈≈≈≈≈~....~≈≈~≈~~~~~~
~~~~~~~~~~≈~~~~~~~?...~~≈~~~~~~~~
................o..........,,,,,,
.....#,....,*#..@....##....,,,,,,
.....#,.....##..........!..,,,,,,
.....#,.....<..o...........,,,,,,
.....#,............))###********+
.....#,.............†#*,,,,,*,,,,
.....#,.....#######'###,,,,,*,,,,
.....#,.....#.........#,,,,,*,,,,
.....#,....,#.........#,,,,,*,,,,
.....########.........#,,,,,*,,,,


You could see an orc warrior and an orc priest.

Vanquished Creatures
  2 ogres
  A bullfrog (D:6)
  A kobold brigand (D:6)
  A necrophage (D:5)
  A jelly (D:6)
  A howler monkey (D:6)
  7 hounds
  A hell rat (Sewer)
  6 iguanas
  Ijyb (D:3)
  2 orc wizards (D:5)
  3 gnolls (D:5)
  4 river rats (Sewer)
  5 adders
  2 worms
  3 dart slugs
  8 orcs
  5 bats
  5 endoplasms
  5 giant cockroaches
  5 goblins
  6 hobgoblins
  5 jackals (D:1)
  2 quokkas (D:1)
  6 ball pythons
  8 frilled lizards
  13 kobolds
  11 rats
120 creatures vanquished.

Vanquished Creatures (others)
  2 plants (D:6)
2 creatures vanquished.

Grand Total: 122 creatures vanquished

Notes
Turn   | Place    | Note
-------+----------+-------------------------------------------
     0 | D:1      | bande the Gargoyle Fighter began the quest for the Orb.
     0 | D:1      | Reached XP level 1. HP: 14/14 MP: 1/1
    97 | D:1      | Reached XP level 2. HP: 19/19 MP: 2/2
   422 | D:1      | Found a faded altar of an unknown god.
   447 | D:1      | Reached skill level 2 in Axes
   501 | D:1      | Reached XP level 3. HP: 21/24 MP: 3/3
   996 | D:2      | Reached XP level 4. HP: 20/29 MP: 4/4
  1242 | D:2      | Gained mutation: You have a somewhat thin skeletal
                  | structure. (Dex +2, Stealth+) [potion of mutation]
  1242 | D:2      | Gained mutation: You occasionally shout uncontrollably at
                  | your foes. [potion of mutation]
  1243 | D:2      | Lost mutation: You occasionally shout uncontrollably at
                  | your foes. [potion of mutation]
  1243 | D:2      | Lost mutation: You have a somewhat thin skeletal structure.
                  | (Dex +2, Stealth+) [potion of mutation]
  1243 | D:2      | Gained mutation: Your magical capacity is low. (-10% MP)
                  | [potion of mutation]
  1243 | D:2      | Lost mutation: Your magical capacity is low. (-10% MP)
                  | [potion of mutation]
  1243 | D:2      | Gained mutation: You have a somewhat thin skeletal
                  | structure. (Dex +2, Stealth+) [potion of mutation]
  1306 | D:2      | Reached skill level 3 in Axes
  1643 | D:2      | Reached XP level 5. HP: 33/33 MP: 5/5
  2047 | D:3      | Found a shadowy altar of Dithmenos.
  2270 | D:3      | Noticed Ijyb
  2287 | D:3      | Killed Ijyb
  2800 | D:4      | Found a hide-covered altar of Uskayaw.
  2928 | D:4      | Identified a scroll of acquirement
  2928 | D:4      | Acquired 689 gold pieces
  3074 | D:5      | Entered Level 5 of the Dungeon
  3139 | D:5      | Reached skill level 4 in Axes
  3139 | D:5      | Reached XP level 6. HP: 38/38 MP: 6/6
  3199 | D:5      | Found an opulent altar of Gozag.
  3222 | D:5      | Reached skill level 1 in Evocations
  3395 | D:5      | Reached XP level 7. HP: 18/44 MP: 7/7
  3776 | D:5      | Found Onacin's Gadget Gallery.
  3846 | D:5      | Reached skill level 5 in Axes
  4600 | D:6      | Found a glowing drain.
  4632 | Sewer    | Entered a sewer
  5015 | D:6      | Reached XP level 8. HP: 46/48 MP: 8/8
  5049 | D:6      | Found a stormy altar of Qazlal.
  5083 | D:6      | Reached skill level 5 in Fighting
  5083 | D:6      | Reached skill level 6 in Axes
  5083 | D:6      | Reached skill level 5 in Armour
  5106 | D:6      | HP: 2/49 [orc warrior/+0 glaive (5)]
  5107 | D:6      | Slain by an orc priest

Illustrated notes

Levels and vault maps discovered:
D:1:      dpeg_arrival_chambers_temple_mockup, layout_basic,
          hellmonk_ecumenical_altar_leap_of_faith, nicolae_hexahallways
D:2:      minmay_general_purpose_star, layout_loops_corners,
          kennysheep_cluttered_room
D:3:      layout_basic, mainiacjoe_overflow_cross_hatched,
          chequers_serial_rivers_small_3, uniq_ijyb
D:4:      layout_basic, mainiacjoe_overflow_alcove_1
D:5:      layout_loops_corners, mainiacjoe_overflow_chevrons,
          hangedman_abyss_or_decor_stagger, minmay_large_rounded_square,
          nicolae_shop_gadgets
D:6:      lemuel_castle_with_subvaults [lemuel_castle_interior_carwin_3],
          layout_gridville, nicolae_qazlal_scattered_showers,
          portal_sewer_entry_d

Skill      XL: |  1  2  3  4  5  6  7  8 |
---------------+-------------------------+-----
Axes           | 2 3 4 5 6 |  6.3
Armour         | 4 5 |  5.1
Fighting       | 4 5 |  5.2
Shields        | 4 |  4.4
Evocations     | 1 2 3 |  3.0

Action                     |  1- 3 |  4- 6 |  7- 9 || total
---------------------------+-------+-------+-------++-------
  Melee: War axe           |   103 |   185 |   105 ||   393
    Use: Scroll            |       |    12 |     2 ||    14
         Potion            |       |     2 |     1 ||     3
 Armour: Scale mail        |    57 |    36 |       ||    93
         Chain mail        |       |    83 |    93 ||   176
  Dodge: Dodged            |    66 |    70 |    51 ||   187
  Block: Buckler           |    32 |    40 |    39 ||   111

Table legend: (Time is in decaauts)
 A = Elapsed time spent in this place.
 B = Non-inter-level travel time spent in this place.
 C = Inter-level travel time spent in this place.
 D = Time resting spent in this place.
 E = Time spent auto-exploring this place.
 F = Levels seen in this place.
 G = Mean time per level.
                   A        B        C        D        E       F      G
               +--------+--------+--------+--------+--------+-----+--------+
         Total |   5270 |   4997 |    273 |    757 |   3090 |   7 |  752.9 |
       Dungeon |   4923 |   4650 |    273 |    505 |   3051 |   6 |  820.5 |
         Sewer |    347 |    347 |      0 |    252 |     38 |   1 |  347.0 |
               +--------+--------+--------+--------+--------+-----+--------+

Top non-repeatable levels by time:
     D:5: 1420 daAuts
     D:2: 1209 daAuts
     D:1: 908 daAuts
     D:4: 617 daAuts
     D:3: 437 daAuts
   Sewer: 347 daAuts
     D:6: 331 daAuts
